 Dungeon Crawl Stone Soup version 0.21.0-37-g46506fa (webtiles) character file.

53 tidbits the Grave Robber (level 3, 6/26 HPs)
             Began as a Gnoll Necromancer on Feb 1, 2018.
             Quit the game on level 3 of the Dungeon.
             The game lasted 00:03:02 (342 turns).

tidbits the Grave Robber (Gnoll Necromancer)         Turns: 342, Time: 00:03:04

Health: 6/26       AC:  6    Str: 10    XL:     3   Next: 89%
Magic:  2/9        EV: 12    Int: 18    God:
Gold:   0          SH:  0    Dex: 15    Spells: 4/12 levels left

rFire    + . .     SeeInvis .   a - +1 dagger (venom)
rCold    . . .     Gourm    .   (no shield)
rNeg     . . .     Faith    .   B - +1 ring mail {rF+}
rPois    .         Spirit   .   (no helmet)
rElec    .         Reflect  .   (no cloak)
rCorr    .         Harm     .   (no gloves)
MR       .....                  (no boots)
Stlth    ++........             (no amulet)
HPRegen  0.08/turn              (no ring)
MPRegen  0.11/turn              (no ring)

@: lethally poisoned (6 -> -5), drained
A: distributed training, fangs 1, strong nose
a: no special abilities


You were on level 3 of the Dungeon.
You were not hungry.

You visited 1 branch of the dungeon, and saw 3 of its levels.

Inventory:

Hand Weapons
 a - a +1 dagger of venom (weapon)
   (You found it on level 1 of the Dungeon)
Armour
 d - a +0 robe
 B - a +1 ring mail of fire resistance (worn)
   (You took it off Terence on level 2 of the Dungeon)
Scrolls
 f - 2 scrolls of identify {unknown}
 g - a scroll of immolation {unknown}
Books
 b - a book of Necromancy

   Spells                             Type                      Level
   a - Pain                           Necromancy                   1
   b - Animate Skeleton               Necromancy                   1
   c - Vampiric Draining              Necromancy                   3
   d - Regeneration                   Charms/Necromancy            3
   e - Animate Dead                   Necromancy                   4
   f - Borgnjor's Vile Clutch         Necromancy/Earth             5
Comestibles
 c - a ration


   Skills:
 + Level 1.0(0.9) Fighting
 + Level 1.0(0.9) Short Blades
 + Level 1.0(0.9) Long Blades
 + Level 1.0(0.9) Axes
 + Level 1.0(0.9) Maces & Flails
 + Level 1.0(0.9) Polearms
 + Level 1.0(0.9) Staves
 + Level 1.0(0.9) Slings
 + Level 1.0(0.9) Bows
 + Level 1.0(0.9) Crossbows
 + Level 1.0(0.9) Throwing
 + Level 1.0(0.9) Armour
 + Level 4.6(4.5) Dodging
 + Level 4.2(4.1) Stealth
 + Level 1.0(0.9) Shields
 + Level 1.0(0.9) Unarmed Combat
 + Level 5.0(4.9) Spellcasting
 + Level 0.7(0.6) Conjurations
 + Level 0.7(0.6) Hexes
 + Level 0.7(0.6) Charms
 + Level 0.7(0.6) Summonings
 + Level 7.1(7.0) Necromancy
 + Level 0.7(0.6) Translocations
 + Level 0.7(0.6) Transmutations
 + Level 0.7(0.6) Fire Magic
 + Level 0.7(0.6) Ice Magic
 + Level 0.7(0.6) Air Magic
 + Level 0.7(0.6) Earth Magic
 + Level 0.7(0.6) Poison Magic
 + Level 1.0 Invocations
 + Level 1.0(0.9) Evocations


You had 4 spell levels left.
You knew the following spells:

 Your Spells              Type           Power        Failure   Level  Hunger
a - Pain                  Necr           ####         1%          1    None
d - Vampiric Draining     Necr           ####......   5%          3    ###....
n - Animate Skeleton      Necr           N/A          1%          1    None
r - Regeneration          Chrm/Necr      ###.......   22%         3    ###....


Dungeon Overview and Level Annotations

Branches:
Dungeon (3/15)

Altars:
Okawaru


Innate Abilities, Weirdness & Mutations

Your experience applies equally to all skills.
You have very sharp teeth.
Your uncanny sense of smell can sniff out nearby items.


Message History

B - a +1 ring mail of fire resistance (worn)
There is an open door here.
Memorise Regeneration, consuming 3 spell levels and leaving 8?
You start memorising the spell.
You continue memorising. x3
You finish memorising.
Spell assigned to 'r'.
Casting: Pain
Confirm with . or Enter, or press ? or * to list all spells.
Your skin crawls.
Unknown command.
Memorise Vampiric Draining, consuming 3 spell levels and leaving 5?
You start memorising the spell.
You continue memorising. x3
You finish memorising.
Spell assigned to 'd'.
Memorise Animate Skeleton, consuming 1 spell level and leaving 4?
You start memorising the spell.
You continue memorising.
You finish memorising.
Spell assigned to 'n'.
Your skin is crawling a little less now.
There is a stone staircase leading down here.
You climb downwards.
Your extra speed is starting to run out.
There is a stone staircase leading up here.
Unknown command.
Unknown command.
You open the door.
There is an open door here.
Your skin stops crawling.
You feel yourself slow down.
You open the door.
Found a club.
There is an open door here.
You see here a club.
You see here a club.
There is an open door here.
There is a large open door here.
There is a large open door here.
Found a runed door.
You open the door.
Crazy Yiuf the Enlightened comes into view.
He is wielding a quarterstaff of chaos.
Found a mace.
There is an open door here.
Crazy Yiuf shouts!
You hit Crazy Yiuf.
Crazy Yiuf is lightly wounded.
Crazy Yiuf hits you with a quarterstaff of chaos!
* * * LOW HITPOINT WARNING * * *
You feel drained.
* * * LOW HITPOINT WARNING * * *
Casting: Regeneration
Confirm with . or Enter, or press ? or * to list all spells.
Aiming: Vampiric Draining
Press: ? - help, Shift-Dir - straight line, f - Crazy Yiuf
Aim: Crazy Yiuf, wielding a quarterstaff of chaos and wearing a cloak (lightly wounded) Crazy Yiuf is heavily wounded.
You feel life coursing into your body. Crazy Yiuf misses you.
Casting: Vampiric Draining
Confirm with . or Enter, or press ? or * to list all spells.
Aiming: Vampiric Draining
Press: ? - help, Shift-Dir - straight line, f/p - Crazy Yiuf
Aim: Crazy Yiuf, wielding a quarterstaff of chaos and wearing a cloak (heavily wounded) Crazy Yiuf is almost dead.
You feel life coursing into your body.
Crazy Yiuf hits you with a quarterstaff of chaos.
* * * LOW HITPOINT WARNING * * *
Crazy Yiuf burns you.
* * * LOW HITPOINT WARNING * * *
You barely miss Crazy Yiuf.
Crazy Yiuf is almost dead.
Crazy Yiuf hits you with a quarterstaff of chaos.
* * * LOW HITPOINT WARNING * * *
You are lethally poisoned!
Casting: Vampiric Draining
Confirm with . or Enter, or press ? or * to list all spells.
Aiming: Pain
Press: ? - help, Shift-Dir - straight line, f/p - Crazy Yiuf
Aim: Crazy Yiuf, wielding a quarterstaff of chaos and wearing a cloak (almost dead, chance to defeat MR: 89%) Crazy Yiuf writhes in agony!
You kill Crazy Yiuf!
Your base Fighting skill increases to level 1!
Your base Short Blades skill increases to level 1!
Your base Long Blades skill increases to level 1!
Your base Axes skill increases to level 1!
Your base Maces & Flails skill increases to level 1!
Your base Polearms skill increases to level 1!
Your base Staves skill increases to level 1!
Your base Slings skill increases to level 1!
Your base Bows skill increases to level 1!
Your base Crossbows skill increases to level 1!
Your base Throwing skill increases to level 1!
Your base Armour skill increases to level 1!
Your base Shields skill increases to level 1!
Your base Unarmed Combat skill increases to level 1!
Your Invocations skill increases to level 1!
Your base Evocations skill increases to level 1!
* * * LOW HITPOINT WARNING * * *
You feel sick.
You aren't carrying any potions.
Unknown command.
Okay, then.
Unknown command.
Unknown command.
Are you sure you want to abandon this character and quit the game? (Confirm with "yes".)

# .# #'### ##..... #####
♣♣##...... #)..#♣♣
♣.........
#.)@'.♣♣♣♣♣.........
#...#♣..♣...........
#####♣♣♣.♣.......... .
♣♣♣♣♣##...... .. #......
...####### #......
###......###########.....
........<........# ##'###
.................####'###


There were no monsters in sight!

Vanquished Creatures
  Crazy Yiuf (D:3)
  Terence (D:2)
  A hobgoblin (D:1)
  2 frilled lizards (D:2)
5 creatures vanquished.

Notes
Turn   | Place    | Note
-------+----------+-------------------------------------------
     0 | D:1      | tidbits the Gnoll Necromancer began the quest for the Orb.
     0 | D:1      | Reached XP level 1. HP: 13/13 MP: 6/6
   173 | D:2      | Found an iron altar of Okawaru.
   218 | D:2      | Noticed Terence
   226 | D:2      | HP: 1/13 [Terence/hand axe (4)]
   240 | D:2      | Killed Terence
   240 | D:2      | Reached skill level 5 in Spellcasting
   240 | D:2      | Reached XP level 2. HP: 2/20 MP: 2/8
   240 | D:2      | Reached XP level 3. HP: 2/25 MP: 2/9
   263 | D:2      | Learned a level 3 spell: Regeneration
   268 | D:2      | Learned a level 3 spell: Vampiric Draining
   270 | D:2      | Learned a level 1 spell: Animate Skeleton
   330 | D:3      | Found a runed door.
   334 | D:3      | Noticed Crazy Yiuf
   341 | D:3      | Killed Crazy Yiuf
   341 | D:3      | Reached skill level 1 in Fighting
   341 | D:3      | Reached skill level 1 in Short Blades
   341 | D:3      | Reached skill level 1 in Long Blades
   341 | D:3      | Reached skill level 1 in Axes
   341 | D:3      | Reached skill level 1 in Maces & Flails
   341 | D:3      | Reached skill level 1 in Polearms
   341 | D:3      | Reached skill level 1 in Staves
   341 | D:3      | Reached skill level 1 in Slings
   341 | D:3      | Reached skill level 1 in Bows
   341 | D:3      | Reached skill level 1 in Crossbows
   341 | D:3      | Reached skill level 1 in Throwing
   341 | D:3      | Reached skill level 1 in Armour
   341 | D:3      | Reached skill level 1 in Shields
   341 | D:3      | Reached skill level 1 in Unarmed Combat
   341 | D:3      | Reached skill level 1 in Invocations
   341 | D:3      | Reached skill level 1 in Evocations
   342 | D:3      | Quit the game

Skill      XL: |  1  2  3 |
---------------+----------+-----
Spellcasting   | 5 |  5.0
Fighting       | 1 |  1.0
Short Blades   | 1 |  1.0
Long Blades    | 1 |  1.0
Axes           | 1 |  1.0
Maces & Flails | 1 |  1.0
Polearms       | 1 |  1.0
Staves         | 1 |  1.0
Slings         | 1 |  1.0
Bows           | 1 |  1.0
Crossbows      | 1 |  1.0
Throwing       | 1 |  1.0
Armour         | 1 |  1.0
Shields        | 1 |  1.0
Unarmed Combat | 1 |  1.0
Invocations    | 1 |  1.0
Evocations     | 1 |  1.0
Dodging        | |  4.6
Stealth        | |  4.2
Conjurations   | |  0.7
Hexes          | |  0.7
Charms         | |  0.7
Summonings     | |  0.7
Necromancy     | |  7.1
Translocations | |  0.7
Transmutations | |  0.7
Fire Magic     | |  0.7
Ice Magic      | |  0.7
Air Magic      | |  0.7
Earth Magic    | |  0.7
Poison Magic   | |  0.7

Action                   || total
-------------------------++-------
Melee: Dagger            ||    12
       Bite              ||     1
 Cast: Pain              ||     8
       Vampiric Draining ||     2
       Regeneration      ||     1
  Use: Potion            ||     1
 Stab: Sleeping          ||     1
Armor: Robe              ||     1
Dodge: Dodged            ||     4

Table legend:
 A = Turns spent in this place as a percentage of turns spent in the entire game.
 B = Non-inter-level travel turns spent in this place as a percentage of non-inter-level travel turns spent in the entire game.
 C = Inter-level travel turns spent in this place as a percentage of turns spent in this place.
 D = Turns resting spent in this place as a percentage of non-inter-level travel turns spent in this place.
 E = Turns spent auto-exploring this place as a percentage of non-inter-level travel turns spent in this place.
 F = Non-inter-level travel turns spent in this place divided by the number of levels of this place that you've seen.
                   A       B       C       D       E      F
               +-------+-------+-------+-------+-------+----------------------
         Total | 100.0 | 100.0 |   0.0 |   0.0 |   0.0 | 114.0
       Dungeon | 100.0 | 100.0 |   0.0 |   0.0 |   0.0 | 114.0
               +-------+-------+-------+-------+-------+----------------------

Table legend:
 A = Kills in this place as a percentage of kills in entire the game.
 B = Kills by you in this place as a percentage of kills by you in the entire game.
 C = Kills by friends in this place as a percentage of kills by friends in the entire game.
 D = Other kills in this place as a percentage of other kills in the entire game.
 E = Experience gained in this place as a percentage of experience gained in the entire game.
 F = Experience gained in this place divided by the number of levels of this place that you have seen.
                   A       B       C       D       E      F
               +-------+-------+-------+-------+-------+----------------------
         Total | 100.0 | 100.0 |   N/A |   N/A | 100.0 |  25.7
       Dungeon | 100.0 | 100.0 |   N/A |   N/A | 100.0 |  25.7
               +-------+-------+-------+-------+-------+----------------------

Vault maps used:
D:1:      dpeg_arrival_rooms_b
D:2:      overflow_temple_1_default, lemuel_crystal_altar,
          minmay_misc_feat_plants, minivault_5, bloody_trog, uniq_terence
D:3:      uniq_ijyb, uniq_sigmund, uniq_jessica, uniq_crazy_yiuf_cottage
